 Dungeon Crawl Stone Soup version 0.29.1-2-gbd0b4ee654 (webtiles) character file.

Game seed: 5217108683614556914

980 sanboga the Shield-Bearer (level 8, 0/64 HPs)
             Began as a Formicid Fighter on Nov 20, 2022.
             Was a Follower of Okawaru.
             Slain by an orc warrior
             ... wielding a +0 long sword
              (5 damage)
             ... on level 6 of the Dungeon.
             The game lasted 00:05:44 (4644 turns).

sanboga the Shield-Bearer (Formicid Fighter)        Turns: 4644, Time: 00:05:45

Health: 0/64       AC: 13    Str: 24    XL:     8   Next: 40%
Magic:  8/8        EV:  6    Int:  7    God:    Okawaru [*.....]
Gold:   278        SH:  6    Dex: 13    Spells: 7/7 levels left

rFire   . . .      SeeInvis +   a - +1 war axe
rCold   . . .      Faith    .   c - +0 buckler
rNeg    . . .      Spirit   .   i - +0 plate armour
rPois   .          Reflect  .   (helmet unavailable)
rElec   .          Harm     .   k - scarf {shadows}
rCorr   .          Rampage  .   l - +0 pair of gloves
Will    .....                   (no boots)
Stlth   ..........              (no amulet)
HPRegen 0.20/turn               (no ring)
MPRegen 0.11/turn               (no ring)

@: mighty
A: permanent stasis, dig shafts and tunnels, antennae 3, four strong arms
a: Dig, Shaft Self, Renounce Religion, Heroism


You were on level 6 of the Dungeon.
You worshipped Okawaru.
Okawaru was aware of your devotion.
You visited 1 branch of the dungeon, and saw 6 of its levels.
You also visited: Sewer.

You collected 278 gold pieces.

Inventory:

Hand Weapons
 a - a +1 war axe (weapon)
Missiles
 u - 2 throwing nets
Armour
 c - a +0 buckler (worn)
 i - a +0 plate armour (worn)
 k - a scarf of shadows (worn)
 l - a +0 pair of gloves (worn)
Wands
 w - a wand of flame (19)
Scrolls
 b - a scroll of vulnerability {unknown}
 m - 2 scrolls of enchant weapon
 n - a scroll of acquirement {unknown}
 s - a scroll of noise {unknown}
 t - a scroll of amnesia {unknown}
 x - a scroll of fear {unknown}
Potions
 d - 3 potions of might
 f - 2 potions of flight
 g - 3 potions of brilliance {unknown}
 h - 2 potions of mutation {unknown}
 j - a potion of resistance
 o - 2 potions of curing
 p - 2 potions of invisibility {unknown}
 q - a potion of experience {unknown}
 r - a potion of magic {unknown}


   Skills:
 + Level 5.9 Fighting
 + Level 4.9 Axes
 + Level 6.0 Armour
 + Level 7.2 Shields


You had 7 spell levels left.
You didn't know any spells.
Your spell library contained the following spells:

 Spells                   Type           Power      Damage    Failure   Level
 Fireball                 Conj/Fire      0%         3d3       100%        5
 Iskenderun's Battlesphe  Conj           0%         2d6       100%        5
 Conjure Ball Lightning   Conj/Air       0%         3x3d6     100%        6
 Orb of Destruction       Conj           0%         9d5       100%        7


Dungeon Overview and Level Annotations

Branches:
Dungeon (6/15)             Temple (0/1) D:6           Sewer (visited)

Altars:
Gozag
Kikubaaqudgha
Nemelex Xobeh
Okawaru
Qazlal
Sif Muna
Vehumet


Innate Abilities, Weirdness & Mutations

You cannot be hasted, slowed, berserked, paralysed or teleported.
You can dig through walls and to a lower floor.
You have a pair of large antennae on your head. (SInv)
Your four strong arms can wield two-handed weapons with a shield.


Message History

You hit the orc warrior but do no damage.
The orc warrior barely misses you.
You hit the orc warrior.
The orc warrior is moderately wounded.
The orc warrior hits you but does no damage.
You hit the orc warrior but do no damage.
The orc warrior is moderately wounded.
The orc warrior barely misses you.
The orc warrior hits you with a +0 long sword.
You hit the orc warrior.
The orc warrior is moderately wounded.
The orc warrior hits you with a +0 long sword!
You hit the orc warrior but do no damage.
The orc warrior is moderately wounded.
You block the orc warrior's attack.
You hit the orc warrior but do no damage.
The orc warrior is moderately wounded.
The orc warrior hits you with a +0 long sword!
* * * LOW HITPOINT WARNING * * *
You hit the orc warrior but do no damage.
The orc warrior is moderately wounded.
The orc warrior barely misses you. You block the orc warrior's attack.
You hit the orc warrior.
The orc warrior is moderately wounded.
The orc warrior hits you with a +0 long sword.
* * * LOW HITPOINT WARNING * * *
You barely miss the orc warrior.
The orc warrior is moderately wounded.
The orc warrior hits you with a +0 long sword.
* * * LOW HITPOINT WARNING * * *
You feel better.
The orc warrior hits you with a +0 long sword!
* * * LOW HITPOINT WARNING * * *
You feel very mighty all of a sudden.
The orc warrior hits you with a +0 long sword.
* * * LOW HITPOINT WARNING * * *
You barely miss the orc warrior.
The orc warrior is moderately wounded.
The orc warrior hits you with a +0 long sword.
You die...

#..# . #..# .. #. #..#
#.##.# #..############
......##....<.........
.(.......######.#.###.
...⌠..#.)))....## .#
......##.####.## ..
.>....@..# ##.# ##
.....o#..# #.#
...⌠..##.# #.# ......
.... .# ...... #.### #
#.##.# #.# !. #. ..


You could see an orc warrior.

Vanquished Creatures
  An ice beast (D:5)
  2 phantoms (D:4)
  A necrophage (D:5)
  3 kobold brigands (Sewer)
  2 scorpions
  An orc priest (D:5)
  Ijyb (D:5)
  2 orc wizards
  5 adders
  5 gnolls
  A shadow imp (D:6)
  A white imp (D:5)
  2 worms
  6 dart slugs
  7 orcs
  14 ball pythons
  6 endoplasms
  14 giant cockroaches
  8 goblins
  7 hobgoblins
  7 jackals
  5 quokkas
  9 bats
  3 frilled lizards
  19 kobolds
  7 rats
139 creatures vanquished.

Vanquished Creatures (others)
  4 plants (Sewer)
4 creatures vanquished.

Grand Total: 143 creatures vanquished

Notes
Turn   | Place    | Note
-------+----------+-------------------------------------------
     0 | D:1      | sanboga the Formicid Fighter began the quest for the Orb.
     0 | D:1      | Reached XP level 1. HP: 18/18 MP: 1/1
    62 | D:1      | Found a faded altar of an unknown god.
    69 | D:1      | Reached XP level 2. HP: 20/24 MP: 2/2
   460 | D:1      | Reached XP level 3. HP: 29/29 MP: 3/3
  1137 | D:2      | Reached XP level 4. HP: 37/37 MP: 4/4
  1629 | D:3      | Noticed a scorpion
  1640 | D:3      | Killed a scorpion
  1641 | D:3      | Reached skill level 5 in Shields
  1641 | D:3      | Reached XP level 5. HP: 33/42 MP: 5/5
  1748 | D:3      | Found a shimmering blue altar of Sif Muna.
  1749 | D:3      | Found a stormy altar of Qazlal.
  1761 | D:3      | Found an opulent altar of Gozag.
  1989 | D:3      | Found a sparkling altar of Nemelex Xobeh.
  2390 | D:4      | Found an ancient bone altar of Kikubaaqudgha.
  2594 | D:4      | Found a glowing drain.
  2598 | D:4      | Reached XP level 6. HP: 33/49 MP: 6/6
  2608 | Sewer    | Entered a sewer
  3219 | Sewer    | Reached skill level 5 in Fighting
  3219 | Sewer    | Reached skill level 6 in Shields
  3219 | Sewer    | Reached XP level 7. HP: 51/56 MP: 7/7
  3355 | D:4      | Found an iron altar of Okawaru.
  3368 | D:4      | Reached skill level 5 in Armour
  3379 | D:4      | Became a worshipper of Warmaster Okawaru
  3792 | D:4      | Found a radiant altar of Vehumet.
  3935 | D:5      | Entered Level 5 of the Dungeon
  4015 | D:5      | Noticed Ijyb
  4023 | D:5      | Killed Ijyb
  4032 | D:5      | Reached XP level 8. HP: 32/63 MP: 8/8
  4385 | D:5      | Reached * piety under Okawaru
  4386 | D:5      | Reached skill level 7 in Shields
  4628 | D:6      | Found a staircase to the Ecumenical Temple.
  4644 | D:6      | Slain by an orc warrior

Illustrated notes

Levels and vault maps discovered:
D:1:      dpeg_arrival_prison, layout_loops_cross,
          hellmonk_ecumenical_altar_dog_temple
D:2:      layout_rooms
D:3:      layout_rooms, grunt_gozag_breadcrumbs,
          gammafunk_temple_overflow_statue, lemuel_round_altar
D:4:      layout_rooms, mainiacjoe_overflow_paths, okawaru_altar_gauntlet_db,
          old_standard_altar, gup_sewer_entry_bubbles, minmay_strange_pillars,
          kennysheep_generic_room_11
D:5:      layout_rooms, uniq_ijyb
D:6:      layout_loops_ring, ashenzari_altar_1,
          mainiacjoe_overflow_surrounded_room, minmay_temple_entry_large_hall,
          uniq_pikel

Skill      XL: |  1  2  3  4  5  6  7  8 |
---------------+-------------------------+-----
Fighting       | 4 5 |  5.9
Armour         | 4 5 6 |  6.0
Axes           | 3 4 |  4.9
Shields        | 5 6 7 |  7.2

Action                   |  1- 3 |  4- 6 |  7- 9 || total
-------------------------+-------+-------+-------++-------
Melee: War axe           |    74 |   205 |   124 ||   403
  Use: Scroll            |     1 |     9 |     2 ||    12
       Potion            |       |       |     5 ||     5
Armor: Scale mail        |    23 |       |       ||    23
       Plate armour      |    25 |   134 |    79 ||   238
Dodge: Dodged            |    40 |    72 |    43 ||   155
Block: Buckler           |    19 |    60 |    35 ||   114
